Map: Ruins of Seras

Players

LiquidTLO (TLO) - Winner!

  • Race: Zerg Zerg
  • League: Grandmaster

LiquidBunny (Bunny)

  • Race: Terran Terran
  • League: Grandmaster

Event: DreamHack ROCCAT LotV Championship

VOD

Have the link to the VOD?

Description

Time

  • Played on: Nov. 26, 2015, 1:21 p.m.
  • Length: 12:11

All games in this series

Show
View Real Time Build Order
Export as new Build Order

LiquidTLO Zerg - Winner!

Build Orders: Hatch First 

Get SALT Encoding   

  12  0:01  Drone  
  13  0:12  Overlord  
  13  0:18  Drone  
  14  0:30  Drone  
  14  0:31  Drone  
  16  0:50  Hatchery  
  16  0:53  Drone  
  16  0:56  Drone  
  17  1:03  Drone, Extractor  
  17  1:20  Drone, Spawning Pool  
  17  1:23  Drone  
  18  1:29  Drone  
  19  1:46  Drone  
  20  1:57  Drone  
  21  2:06  Metabolic Boost, Queen  
  21  2:07  Queen  
  21  2:08  Zergling x2  
  26  2:10  Zergling x2  
  27  2:16  Overlord  
  27  2:19  Drone  
  28  2:35  Drone x4  
  32  2:42  Queen  
  32  2:43  Overlord  
  34  2:48  Queen  
  36  3:07  Hatchery, Drone  
  36  3:08  Drone  
  36  3:09  Drone  
  36  3:10  Drone  
  38  3:13  Drone  
  38  3:15  Drone  
  38  3:18  Drone  
  41  3:21  Zergling x2  
  41  3:23  Drone  
  41  3:25  Extractor  
  42  3:27  Overlord  
  42  3:30  Zergling x2  
  42  3:33  Overlord  
  43  3:39  Evolution Chamber  
  43  3:40  Zergling x2  
  43  3:46  Zergling x2  
  43  3:47  Zergling x2  
  46  3:48  Zergling x4  
  46  3:50  Zergling x2  
  46  3:54  Baneling Nest  
  46  3:55  Zergling x2  
  47  3:59  Zergling x2  
  47  4:00  Zergling x2  
  48  4:04  Zergling x4  
  48  4:08  Zergling x2  
  48  4:09  Zergling x2  
  51  4:12  Zergling x2  
  51  4:16  Zergling x2  
  53  4:20  Zergling x2  
  52  4:25  Zergling x2  
  52  4:30  Zergling x12  
  57  4:36  Zergling x2  
  57  4:40  Zergling x2  
  57  4:44  Zergling x2  
  58  4:50  Zergling x2  
  59  4:57  Zerg Melee Weapons Level 1  
  59  4:59  Zergling x14  
  66  5:08  Baneling x8  
  66  5:09  Baneling  
  62  5:15  Zergling x4  
  62  5:16  Zergling x2  
  62  5:19  Zergling x2  
  62  5:21  Zergling x2  
  59  5:25  Zergling x2  
  59  5:26  Zergling x2  
  59  5:29  Zergling x4  
  59  5:32  Baneling x3  
  60  5:39  Zergling x2  
  60  5:41  Zergling x2  
  60  5:42  Zergling x2, Baneling  
  56  5:43  Zergling x2  
  56  5:45  Zergling x2  
  56  5:48  Zergling x2  
  56  5:49  Zergling x2  
  57  5:53  Zergling x2  
  57  5:56  Zergling x4  
  56  5:59  Zergling x2  
  56  6:01  Zergling x2  
  56  6:03  Zergling x2  
  55  6:06  Zergling x2  
  55  6:08  Drone  
  57  6:13  Baneling x5  
  57  6:14  Baneling  
  57  6:17  Drone  
  57  6:18  Drone  
  59  6:21  Drone  
  59  6:22  Drone  
  61  6:25  Drone  
  61  6:29  Zergling x2  
  61  6:31  Drone  
  61  6:32  Drone  
  64  6:33  Drone  
  64  6:37  Overlord  
  65  6:44  Zergling x2  
  64  6:47  Zergling x4  
  64  6:51  Zerg Ground Armor Level 1  
  61  6:54  Drone  
  61  6:57  Zergling x4  
  64  7:01  Roach Warren  
  64  7:02  Drone  
  64  7:04  Zergling x2  
  64  7:05  Baneling x2  
  64  7:07  Zergling x2  
  66  7:08  Drone  
  66  7:10  Baneling x2  
  66  7:14  Zergling x2  
  66  7:15  Baneling x4  
  67  7:17  Zergling x2  
  67  7:21  Baneling  
  67  7:22  Zergling x4  
  70  7:25  Zergling x4  
  70  7:28  Baneling x4  
  72  7:31  Zergling x4  
  72  7:35  Overlord  
  74  7:43  Zergling x2  
  71  7:46  Zergling x2  
  71  7:48  Zergling x6  
  71  7:50  Zergling x2  
  65  7:53  Zergling x2  
  65  7:54  Zergling x2  
  65  7:55  Zergling x2  
  65  7:56  Roach  
  65  7:57  Roach x2  
  65  7:58  Roach  
  76  8:00  Roach  
  76  8:02  Roach  
  74  8:07  Roach  
  74  8:09  Roach x2  
  77  8:13  Drone x2  
  77  8:17  Lair  
  79  8:20  Baneling x2  
  79  8:23  Zergling x4  
  81  8:28  Overlord  
  81  8:30  Overlord  
  81  8:32  Zergling x2  
  80  8:36  Ravager  
  81  8:47  Drone  
  81  8:48  Zergling x2  
  82  8:49  Zergling x2  
  82  8:54  Drone  
  84  8:56  Roach  
  84  8:57  Roach x2  
  84  8:58  Zergling x2  
  84  8:59  Zergling x2  
  84  9:00  Zergling x6  
  84  9:01  Zergling x2  
  84  9:02  Zergling x4  
  96  9:04  Roach  
  96  9:07  Roach  
  93  9:14  Spore Crawler  
  93  9:15  Glial Reconstitution  
  92  9:17  Zergling x4  
  92  9:18  Extractor  
  92  9:19  Drone  
  92  9:23  Drone x2  
  96  9:33  Overlord x2  
  96  9:38  Zerg Missile Weapons Level 1, Overlord  
  96  9:44  Overlord  
  96  9:48  Overlord x2  
  96  9:52  Ravager  
  96  9:55  Overlord x2  
  96  9:57  Drone  
  96  9:59  Drone  
  99  10:02  Ravager  
  99  10:04  Drone  
  101  10:07  Zergling x2  
  101  10:08  Zergling x4  
  101  10:09  Drone  
  105  10:14  Roach x2  
  105  10:16  Zergling x2  
  105  10:19  Roach  
  105  10:20  Roach  
  114  10:24  Roach  
  114  10:28  Roach x2  
  119  10:31  Roach  
  119  10:33  Roach  
  119  10:35  Roach  
  119  10:38  Roach  
  119  10:41  Roach  
  118  10:44  Roach, Zergling x2  
  118  10:45  Zergling x2  
  118  10:48  Roach  
  122  10:50  Roach  
  122  10:52  Roach  
  122  10:56  Roach  
  122  10:58  Zergling x4  
  122  11:02  Zergling x2  
  122  11:03  Zergling x2  
  118  11:04  Roach  
  118  11:06  Zergling x2  
  121  11:17  Roach  
  119  11:25  Overlord  
  119  11:27  Overlord  
  119  11:28  Overlord x2  
  119  11:29  Roach  
  119  11:32  Overlord  
  116  11:38  Ravager x3  
  119  11:41  Zergling x4  
  119  11:44  Roach x2  
  119  11:46  Roach  
Show
View Real Time Build Order
Export as new Build Order

LiquidBunny Terran 

Build Orders: MMM Bio 

Get SALT Encoding   

  12  0:00  SCV  
  13  0:13  SCV  
  14  0:18  Supply Depot  
  14  0:25  SCV  
  15  0:39  SCV  
  15  0:40  Barracks  
  16  0:44  Refinery  
  16  0:51  SCV  
  17  1:04  SCV  
  18  1:16  SCV  
  19  1:27  Barracks Reactor  
  19  1:28  Orbital Command  
  19  1:41  Command Center  
  19  1:47  Refinery  
  19  1:53  SCV  
  20  1:58  Supply Depot  
  20  2:05  SCV, Reaper  
  22  2:09  Reaper  
  23  2:20  SCV  
  24  2:24  Barracks  
  24  2:32  SCV  
  24  2:36  Barracks  
  25  2:38  Reaper  
  25  2:41  Reaper  
  27  2:45  SCV  
  28  2:57  SCV, Orbital Command  
  29  3:09  SCV  
  29  3:10  Reaper  
  29  3:12  Barracks Tech Lab  
  31  3:14  Reaper, Bunker  
  32  3:21  SCV  
  32  3:23  SCV  
  32  3:25  Marine  
  35  3:33  SCV  
  36  3:34  Marine  
  36  3:35  SCV  
  36  3:39  Stimpack  
  38  3:45  SCV  
  38  3:46  Factory  
  38  3:47  SCV  
  40  3:53  Marine  
  41  3:57  Supply Depot, Marine x2  
  41  3:58  SCV, Marine  
  41  3:59  SCV  
  46  4:07  Engineering Bay  
  46  4:19  SCV x2, Marine  
  46  4:24  Marine  
  48  4:25  Marine x2  
  48  4:29  Supply Depot  
  48  4:30  Refinery  
  51  4:31  SCV  
  51  4:32  SCV  
  51  4:37  Factory Reactor, Starport, Marine  
  54  4:43  SCV  
  54  4:45  Supply Depot  
  54  4:46  SCV  
  54  4:47  Marine  
  54  4:50  Marine  
  54  4:54  Marine  
  54  4:56  SCV  
  54  4:58  SCV, Refinery  
  54  4:59  Barracks Reactor  
  54  5:03  Terran Infantry Weapons Level 1, Barracks  
  54  5:05  Marine  
  55  5:08  SCV  
  55  5:09  Marine  
  55  5:10  SCV, Barracks  
  58  5:15  Marine  
  58  5:20  SCV  
  56  5:23  Marine  
  56  5:27  Marine  
  52  5:33  Marine  
  53  5:37  Factory Tech Lab, Marine  
  53  5:39  Marine  
  53  5:41  Marine  
  46  5:45  Marine  
  46  5:50  Combat Shields  
  46  5:51  Marine  
  46  5:55  Marine  
  46  5:56  Medivac  
  43  5:57  Marine  
  43  5:58  Medivac  
  43  5:59  Reaper  
  43  6:03  Marine  
  44  6:08  Supply Depot  
  44  6:09  Marine  
  45  6:13  Marine  
  45  6:15  Siege Tank, Marine  
  45  6:18  Marine  
  50  6:20  Marine  
  50  6:23  Marine  
  52  6:26  Marine  
  52  6:29  Orbital Command  
  52  6:30  Marine  
  52  6:31  Marine  
  55  6:34  Marine  
  55  6:35  Marine  
  55  6:39  SCV  
  58  6:41  Marine  
  56  6:47  Marine x2  
  56  6:51  SCV, Marine x2  
  57  6:55  SCV  
  57  6:57  Widow Mine  
  62  7:12  SCV  
  61  7:19  Marine  
  61  7:20  Medivac x2  
  61  7:21  SCV  
  67  7:24  Marine  
  67  7:25  Marine  
  67  7:26  Marine  
  70  7:32  Marine  
  69  7:39  Marine  
  68  7:50  Marine x2  
  55  7:53  Marine x3  
  55  7:55  Marine  
  55  7:57  Marine  
  60  8:01  SCV x2  
  57  8:07  Marine x2  
  57  8:11  Marine  
  58  8:13  SCV x2  
  58  8:14  Marine x2  
  62  8:25  SCV  
  62  8:26  SCV, Siege Tank, Marine x2  
  68  8:29  Marine  
  70  8:42  Marine  
  70  8:43  SCV  
  70  8:44  SCV, Marine  
  70  8:45  Marine x2  
  70  8:47  Marine  
  70  8:48  Marine  
  70  9:00  Marine  
  70  9:06  Siege Tank, Marine x2  
  70  9:07  Marine  
  70  9:09  Marine  
  70  9:25  Medivac x2, Marine x4  
  70  9:26  Supply Depot  
  78  9:34  Refinery  
  78  9:43  Supply Depot  
  78  9:47  Siege Tank, Marine x5  
  86  10:04  Medivac x2, Marine x2  
  86  10:05  Marine x2  
  94  10:15  Command Center  
  94  10:27  Supply Depot  
  94  10:29  Marine x3  
  94  10:31  SCV  
  94  10:32  Marine  
  94  10:34  Marine x2  
  94  10:35  Marine  
  94  10:39  Siege Tank  
  92  10:47  Marine x3  
  89  10:50  Marine  
  89  10:51  Marine  
  89  10:52  Marine  
  89  10:53  Marine  
  89  10:55  Command Center  
  82  11:05  Marine x3  
  82  11:08  Marine  
  82  11:09  Marine  
  82  11:10  Marine  
  87  11:11  Marine  
  78  11:23  Marine x3  
  78  11:26  Marine  
  78  11:27  Marine  
  78  11:29  Marine  
  80  11:34  Siege Tank  
  82  11:40  Marine x2  
  82  11:43  Marine x2  
  86  11:47  Marine  
  86  11:50  Marine  

Tags
 
Add a new tag
Caveats
  • Supply blocks, unpowered buildings, or Contaminate may cause inaccurate times.
  • Supply counts are checked every 10 seconds.